 Dungeon Crawl Stone Soup version 0.29.0-11-gd7f09526c8 (webtiles) character file.

Game seed: 4319114994806793211

29 Powertoast the Sneak (level 3, 16/16 HPs)
             Began as a Spriggan Enchanter on Sept 4, 2022.
             Quit the game on level 1 of the Dungeon.
             The game lasted 00:05:20 (1879 turns).

Powertoast the Sneak (Spriggan Enchanter)           Turns: 1879, Time: 00:05:21

Health: 16/16      AC:  2    Str:  4    XL:     3   Next: 1%
Magic:  0/8        EV: 17    Int: 18    God:
Gold:   17         SH:  0    Dex: 15    Spells: 5/7 levels left

rFire   . . .      SeeInvis +   a - +1 dagger
rCold   . . .      Faith    .   (no shield)
rNeg    . . .      Spirit   .   b - +0 robe
rPois   .          Reflect  .   (helmet restricted)
rElec   .          Harm     .   (no cloak)
rCorr   .          Rampage  .   (gloves unavailable)
Will    .....                   (boots unavailable)
Stlth   +++.......              (no amulet)
HPRegen 0.05/turn               (no ring)
MPRegen 0.11/turn               (no ring)

@: very quick
A: very small, no large weapons, unfitting armour, see invisible, speed 3
a: no special abilities


You were on level 1 of the Dungeon.
You visited 1 branch of the dungeon, and saw 1 of its levels.

You collected 17 gold pieces.

Inventory:

Hand Weapons
 a - a +1 dagger (weapon)
Armour
 b - a +0 robe (worn)
Jewellery
 g - an amulet of regeneration
Scrolls
 e - a scroll of identify {unknown}
 h - 2 scrolls of fog {unknown}
 i - a scroll of teleportation {unknown}
Potions
 c - 3 potions of invisibility
 d - a potion of ambrosia {unknown}
 f - a potion of curing {unknown}


   Skills:
 + Level 2.6 Short Blades
 - Level 2.6 Dodging
 + Level 5.0 Stealth
 + Level 2.8 Spellcasting
 + Level 3.7 Hexes


You had 5 spell levels left.
You knew the following spells:

 Your Spells              Type           Power      Damage    Failure   Level
a - Ensorcelled Hibernat  Hex/Ice        18%        N/A       12%         2

Your spell library contained the following spells:

 Spells                   Type           Power      Damage    Failure   Level
 Confusing Touch          Hex            16%        N/A       11%         3
 Tukima's Dance           Hex            16%        N/A       11%         3
 Dazzling Flash           Conj/Hex       18%        N/A       24%         3


Dungeon Overview and Level Annotations

Branches:
Dungeon (1/15)

Altars:


Innate Abilities, Weirdness & Mutations

You are very small and have problems with some larger weapons.
You are too small for most types of armour.
You have supernaturally acute eyesight. (SInv)
You cover ground extremely quickly. (Speed+++)


Message History

Your magical contamination has completely faded away.
There is an open door here.
You start resting.
Magic restored.
You start resting.
HP restored.
There is an open door here.
You see here a rat corpse.
The jackal barks!
Casting: Ensorcelled Hibernation (safe; 14% risk of failure)
Confirm with . or Enter, or press ? or * to list all spells.
Aiming: Ensorcelled Hibernation (safe; 14% risk of failure)
Press: ? - help, Shift-Dir - straight line, f - jackal
Aim: a jackal (chance to affect: 59%)
The jackal resists with significant effort.
The frilled lizard hisses angrily.
Casting: Ensorcelled Hibernation (safe; 14% risk of failure)
Confirm with . or Enter, or press ? or * to list all spells.
Aiming: Ensorcelled Hibernation (safe; 14% risk of failure)
Press: ? - help, Shift-Dir - straight line, f/p - jackal
Aim: a jackal (chance to affect: 59%)
The jackal resists with significant effort.
The jackal misses you. The jackal closely misses you.
Casting: Ensorcelled Hibernation (safe; 14% risk of failure)
Confirm with . or Enter, or press ? or * to list all spells.
Aiming: Ensorcelled Hibernation (safe; 14% risk of failure)
Press: ? - help, Shift-Dir - straight line, f/p - jackal
Aim: a jackal (chance to affect: 59%)
The jackal looks drowsy...
Casting: Ensorcelled Hibernation (safe; 14% risk of failure)
Confirm with . or Enter, or press ? or * to list all spells.
Okay, then.
The helpless jackal fails to defend itself.
You impale the jackal!!
You kill the jackal!
You have reached level 3!
Your experience leads to an increase in your attributes!
Increase (S)trength, (I)ntelligence, or (D)exterity?
You feel clever. x2
Are you sure you want to abandon this character and quit the game? (Confirm with "yes".)

............. ####.....#b#
....######### ........##.#
....####################..##.#
...........†........>........#
....#####.†............##..###
##### #..............#...#
#..............#..##
#.................#
#.......@......##.#
#..............##.#
#..........l......#
#...............###
#...............#
#................l
###..###'###....#.. #.# #.#
#)##.#..# ## #. #.# ##


You could see a frilled lizard.

Vanquished Creatures
  2 endoplasms (D:1)
  A giant cockroach (D:1)
  2 goblins (D:1)
  5 hobgoblins (D:1)
  3 jackals (D:1)
  3 quokkas (D:1)
  A ball python (D:1)
  4 bats (D:1)
  4 rats (D:1)
25 creatures vanquished.

Notes
Turn   | Place    | Note
-------+----------+-------------------------------------------
     0 | D:1      | Powertoast the Spriggan Enchanter began the quest for the
                  | Orb.
     0 | D:1      | Reached XP level 1. HP: 9/9 MP: 5/5
    96 | D:1      | Reached XP level 2. HP: 12/13 MP: 6/6
   906 | D:1      | Learned a level 2 spell: Ensorcelled Hibernation
   912 | D:1      | Reached skill level 5 in Stealth
  1879 | D:1      | Reached XP level 3. HP: 16/16 MP: 0/8
  1879 | D:1      | Quit the game

Illustrated notes

Levels and vault maps discovered:
D:1:      tarquinn_simple_flora_water_d, layout_basic

Skill      XL: |  1  2 |
---------------+-------+-----
Short Blades   | 2 |  2.6
Stealth        | 5 |  5.0
Dodging        | |  2.6
Spellcasting   | |  2.8
Hexes          | |  3.7

Action                   || total
-------------------------++-------
Melee: Dagger            ||   101
 Cast: Ensorcelled Hiber ||    10
 Stab: Sleeping          ||     9
Armor: Robe              ||    17
Dodge: Dodged            ||   148
